[Event "*** Titled Tuesday Blitz"]
[Site "Chess.com"]
[Date "2021.04.06"]
[Round "8"]
[White "Vesper2018"]
[Black "anpospan"]
[Result "1-0"]
[WhiteElo "2545"]
[BlackElo "2403"]
[TimeControl "180+1"]
[EndTime "11:29:35 PDT"]
[Termination "Vesper2018 won by resignation"]

1. e4 b6 2. d4 Bb7 3. Nc3 e6 4.
f4 Bb4 5. Bd3 f5 6. Qe2 Qh4+ 7.
g3 Qe7 8. Nf3 Nf6 9. e5 Ne4 10.
Bd2 Nxd2 11. Kxd2 Nc6 12. a3 Bxc3+ 13. Kxc3 Nxd4 14. Nxd4 Qc5+ 15. Bc4 b5 16. Nxb5 Bxh1 17. Rxh1 Rb8 18. b4 Qc6 19. Nxc7+ Qxc7 20. Kb3 a5 21.
Rd1 axb4 22. axb4 Ke7 23. Bb5 Rhd8 24. c4 Ra8 25. Qd3 Qa7 26. Qd6+ Kf7 27. Qxd7+ Rxd7 28. Rxd7+ Qxd7 29. Bxd7 Ke7 30. Bc6 Ra1 31. b5 Rd1 32.
Kc2 Rf1 33. c5 Rf2+ 34. Kc3 Rxh2 35. b6 Kd8 36. Bb5 Rh1 37. c6 Rc1+ 38. Kd4 h6 39. Bc4 Rd1+ 40. Kc5 Rb1 41. c7+ Kd7 42. Bxe6+ Kxe6 43. c8=Q+ Kf7 44. Qd7+ Kg8 45. Qc8+ Kh7 46. Qxf5+ Kh8 47.
Qxb1 1-0

[Event "*** Titled Tuesday Blitz"]
[Site "Chess.com"]
[Date "2021.04.06"]
[Round "8"]
[White "Eltaj_Safarli"]
[Black "PSvidler"]
[Result "1/2-1/2"]
[WhiteElo "2922"]
[BlackElo "2975"]
[TimeControl "180+1"]
[EndTime "11:29:36 PDT"]
[Termination "Game drawn by repetition"]

1. e4 c5 2. Nc3 Nc6 3. Bb5 Nd4 4.
Nf3 Nxb5 5. Nxb5 a6 6. Nc3 d6 7. d4 cxd4 8. Qxd4 e5 9. Qd3 h6 10. Nd2 Nf6 11. Nc4 Be6 12. O-O Rc8 13. Ne3 Be7 14.
Rd1 Qc7 15. Bd2 O-O 16. a4 Rfd8 17. Be1 Bf8 18. a5 Qc6 19. f3 Nd7 20. Ncd5 Bxd5 21. Qxd5 Nf6 22. Qd3 d5 23. exd5 Qe8 24. Bh4 g5 25.
Bf2 e4 26. fxe4 Nxe4 27. Ng4 Bg7 28. Bb6 f5 29. Re1 Qf8 30. Bxd8 Rxd8 31. Ne3 Qc5 32. g3 Nd6 33. Kg2 Bxb2 34. Rab1 Bd4 35. Rbd1 Bxe3 36. Qxe3 Qxc2+ 37. Rd2 Qe4+ 38. Qxe4 Nxe4 39.
Rb2 Rxd5 40. Rxb7 Rxa5 41. Rd1 Ra2+ 42. Kg1 Nd2 43. Rc1 Nf3+ 44. Kf1 Nxh2+ 45. Kg1 Nf3+ 46. Kf1 Nh2+ 47. Kg1 Nf3+ 48. Kf1 Nh2+ 1/2-1/2

[Event "*** Titled Tuesday Blitz"]
[Site "Chess.com"]
[Date "2021.04.06"]
[Round "8"]
[White "jonaszmb"]
[Black "Iskusnyh"]
[Result "0-1"]
[WhiteElo "2500"]
[BlackElo "2635"]
[TimeControl "180+1"]
[EndTime "11:29:36 PDT"]
[Termination "Iskusnyh won by resignation"]

1. e4 e6 2. d4 d5 3. Bd3 c5 4.
exd5 exd5 5. Nf3 Nf6 6. O-O Nc6 7. Re1+ Be7 8. dxc5 O-O 9. Bg5 Bxc5 10. Nbd2 h6 11. Bh4 Bg4 12. Nb3 Bb6 13. h3 Bh5 14. c3 Qd6 15. Bg3 Qxg3 16. Nbd4 Bxd4 17. Nxd4 Bxd1 18.
fxg3 Nxd4 19. Raxd1 Nc6 20. Bb5 Rfe8 21. g4 Kf8 22. Rf1 Re5 23. Kh2 Rae8 24. Rf4 a6 25. Bd3 Re1 26. Rd2 Ne5 27. Bc2 Nc4 28. Rdf2 R8e2 29.
Bd3 Rxf2 30. Rxf2 Ne5 31. Bc2 Ke7 32. Rd2 Nc4 33. Rd4 Ne3 34. Bb3 Rb1 35. Rd3 Nf1+ 36.
Kg1 Nd2+ 37. Kh2 Nxb3 38. axb3 Rxb2 39. c4 dxc4 40. bxc4 a5 41. Ra3 b6 42. c5 bxc5 43. Rxa5 Kd6 44. Ra7 Nd7 45. Ra6+ Rb6 46. Ra1 c4 47.
Kg3 c3 48. Rd1+ Ke6 49. Re1+ Ne5 50. Kf4 f6 51. Ke4 Rb4+ 52. Ke3 c2 53. Kd2 Rb1 0-1

[Event "*** Titled Tuesday Blitz"]
[Site "Chess.com"]
[Date "2021.04.06"]
[Round "8"]
[White "kinga2008"]
[Black "cukin84"]
[Result "1-0"]
[WhiteElo "2268"]
[BlackElo "2095"]
[TimeControl "180+1"]
[EndTime "11:29:36 PDT"]
[Termination "kinga2008 won by resignation"]

1. e4 c6 2. d4 d5 3. e5 c5 4. c3 Nc6 5. Nf3 Bg4 6. Bb5 e6 7. Bxc6+ bxc6 8. O-O cxd4 9. cxd4 Ne7 10. Nc3 Nf5 11.
Be3 Be7 12. h3 Bh5 13. g4 Nxe3 14. fxe3 Bg6 15. Qa4 Rc8 16. Rac1 O-O 17. Ne2 c5 18. Nf4 Be4 19. Nd2 cxd4 20. exd4 Bg6 21. Nxg6 hxg6 22. Nb3 Bg5 23. Rxc8 Qxc8 24. Nc5 Qc7 25. Qa3 Qb6 26.
Kh1 Rb8 27. Qf3 f5 28. gxf5 gxf5 29. Nd7 Qxb2 30. Nxb8 Qxb8 31. Qh5 Bh6 32. Qg6 Qb2 33. Qxe6+ Kh8 34. Qc8+ Kh7 35. Qxf5+ Kh8 36. e6 Qe2 37.
Qf3 Qxe6 38. Qf8+ Kh7 39. Qf5+ Qxf5 40. Rxf5 Kg6 41. Rxd5 Be3 42. Rd6+ Kf5 43. d5 g5 44. Rd7 Ke5 45. Re7+ Kf4 46. Rxe3 Kxe3 47. d6 1-0

[Event "*** Titled Tuesday Blitz"]
[Site "Chess.com"]
[Date "2021.04.06"]
[Round "8"]
[White "eduardoperalta"]
[Black "pastouche06"]
[Result "0-1"]
[WhiteElo "2491"]
[BlackElo "2610"]
[TimeControl "180+1"]
[EndTime "11:29:37 PDT"]
[Termination "pastouche06 won on time"]

1. d4 d5 2. Nf3 Nf6 3. c4 e6 4.
Nc3 a6 5. cxd5 exd5 6. Bg5 Be6 7. e3 Nbd7 8. Bd3 Bd6 9. O-O c6 10. Rc1 Qc7 11. Re1 O-O 12. Bb1 Bg4 13. h3 Bh5 14. g4 Bg6 15. Bxg6 hxg6 16. Bxf6 Nxf6 17. e4 dxe4 18. Nxe4 Nxe4 19. Rxe4 Rfe8 20. Qe2 Rxe4 21. Qxe4 Qa5 22. a3 Rd8 23. Kg2 Bf8 24. Re1 Qd5 25.
Qxd5 Rxd5 26. Re8 f6 27. Rb8 Rd7 28. Rc8 Kf7 29. Kf1 g5 30. Ke2 Bd6 31. Kd3 Bf4 32.
b4 Rd5 33. Kc4 a5 34. Ra8 axb4 35. axb4 Bd6 36. Ra5 Rxa5 37. bxa5 Bc7 38. Kb4 Ke6 39. a6 Bd6+ 40. Ka5 bxa6 41. Kxa6 Kd5 42. Kb7 c5 43. dxc5 Bxc5 44. h4 Ke4 45. Nd2+ Kd3 46.
hxg5 Kxd2 47. gxf6 gxf6 48. f4 Ke3 49. g5 f5 0-1

[Event "*** Titled Tuesday Blitz"]
[Site "Chess.com"]
[Date "2021.04.06"]
[Round "8"]
[White "politeplayer"]
[Black "davigator"]
[Result "1/2-1/2"]
[WhiteElo "2258"]
[BlackElo "2368"]
[TimeControl "180+1"]
[EndTime "11:29:37 PDT"]
[Termination "Game drawn by repetition"]

1. e4 c5 2. Nf3 Nc6 3. d4 cxd4 4. Nxd4 Nf6 5. Nc3 d6 6. Bc4 Bd7 7. Bb3 a6 8. O-O e6 9. Kh1 Be7 10. f4 O-O 11. f5 e5 12. Nf3 b5 13. a3 Rc8 14.
Bg5 Ng4 15. Bxe7 Qxe7 16. Nd5 Qd8 17. Qd2 Na5 18. Rad1 Nc4 19. Bxc4 Rxc4 20. h3 Nf6 21. Nxf6+ Qxf6 22. Qxd6 Bc6 23. Nxe5 Rxc2 24. Qxf6 gxf6 25. Nxc6 Rxc6 26. Rd2 Re8 27. Re1 Re5 28. Kg1 Kg7 29. Kf2 h5 30. Kf3 Rc4 31. h4 a5 32. Ree2 b4 33.
axb4 Rxb4 34. Rd3 Reb5 35. Ra3 a4 36. Ra2 Re5 37. Re3 Kf8 38. Raa3 Kg7 39. b3 axb3 40. Raxb3 Ra4 41. Rbd3 Ra1 42. Rd2 Rh1 43. g3 Ra1 44.
Rg2 Rf1+ 45. Ke2 Ra1 46. g4 hxg4 47. Rxg4+ Kf8 48. Reg3 Rh1 49. Kf3 Ra5 50. Kg2 Raa1 51. Rg8+ Ke7 52. Rb8 Rxh4 53. Rb7+ Kd6 54. Rxf7 Ra2+ 55.
Kf3 Ra3+ 56. Kg2 Ra2+ 57. Kf3 Ra3+ 58. Kg2 Ra2+ 1/2-1/2

[Event "*** Titled Tuesday Blitz"]
[Site "Chess.com"]
[Date "2021.04.06"]
[Round "8"]
[White "banane_verte"]
[Black "GMHess"]
[Result "0-1"]
[WhiteElo "2434"]
[BlackElo "2743"]
[TimeControl "180+1"]
[EndTime "11:29:38 PDT"]
[Termination "GMHess won by resignation"]

1. e4 g6 2. d4 Bg7 3. Nc3 a6 4. a4 d6 5. Nf3 Bg4 6. Be3 Nc6 7. d5 Ne5 8. Be2 Nxf3+ 9. Bxf3 Bxf3 10. Qxf3 Qd7 11.
O-O Nf6 12. Bd4 O-O 13. Rfe1 c5 14. dxc6 Qxc6 15. e5 Qxf3 16. gxf3 dxe5 17. Bxe5 Rfd8 18. Rad1 e6 19. Ne4 Nxe4 20. Bxg7 Nd2 21. Rxd2 Rxd2 22. Bc3 Rxc2 23. Rd1 Rc8 24. Rd7 R8xc3 25. bxc3 Rxc3 26. Rxb7 Rc4 27. a5 Rc5 28. Ra7 Rxa5 29. Kg2 Kg7 30.
Kg3 Ra1 31. Kg2 a5 32. Ra8 a4 33. Ra7 a3 34. Ra8 g5 35. Ra5 h6 36. Ra4 f5 37.
Ra8 h5 38. Ra7+ Kf6 39. Ra8 a2 40. Rf8+ Ke7 41. Ra8 e5 42. Ra6 Kd7 43. Ra5 e4 44. fxe4 fxe4 45. Ra6 g4 46. Ra5 h4 47. h3 g3 48.
fxg3 e3 49. Kf3 Rf1+ 50. Kxe3 a1=Q 51. Rxa1 Rxa1 52. gxh4 Ke6 53. Kf4 Kf6 54. Kg4 Kg6 55. h5+ Kh6 56. Kh4 Ra4+ 57. Kg3 Kxh5 58. h4 Ra3+ 59.
Kf4 Kxh4 60. Ke4 0-1

[Event "*** Titled Tuesday Blitz"]
[Site "Chess.com"]
[Date "2021.04.06"]
[Round "8"]
[White "NateSolon"]
[Black "Sadykov_Ramil"]
[Result "1-0"]
[WhiteElo "2621"]
[BlackElo "2496"]
[TimeControl "180+1"]
[EndTime "11:29:39 PDT"]
[Termination "NateSolon won by resignation"]

1. d4 d5 2. c4 e6 3. Nf3 Nf6 4. g3 Be7 5. Bg2 O-O 6. O-O dxc4 7. Qc2 a6 8. a4 Bd7 9. Qxc4 Bc6 10.
Bg5 Nbd7 11. Nc3 h6 12. Bxf6 Nxf6 13. Rfd1 Bd5 14. Qd3 Bxf3 15. Bxf3 c6 16. e3 a5 17. h4 Qc7 18. Kg2 Rfd8 19. Rac1 Qb6 20. Qe2 Rac8 21.
h5 Nd5 22. Ne4 Nb4 23. Rc4 Rd7 24. Rdc1 Rcd8 25. Nc5 Bxc5 26. Rxc5 Ra8 27. Be4 Qd8 28. Bb1 Rd5 29. Qf3 Qg5 30. Qe4 Kf8 31. Qh7 Ke7 32.
e4 Rxc5 33. Rxc5 Qf6 34. e5 Qg5 35. Be4 Rd8 36. Rc4 f5 37. exf6+ Qxf6 38. Qg6 Qxg6 39.
Bxg6 Rd5 40. Kf3 Kf6 41. g4 e5 42. dxe5+ Rxe5 43. Rf4+ Ke7 44. Rf7+ Kd6 45. Rxg7 b5 46.
axb5 cxb5 47. Rh7 a4 48. Rxh6 Kc5 49. Rh8 Rd5 50. Rc8+ Kb6 51. h6 Rd2 52. h7 1-0

[Event "*** Titled Tuesday Blitz"]
[Site "Chess.com"]
[Date "2021.04.06"]
[Round "8"]
[White "Aradhya2000"]
[Black "Snowflake"]
[Result "1-0"]
[WhiteElo "2605"]
[BlackElo "2491"]
[TimeControl "180+1"]
[EndTime "11:29:39 PDT"]
[Termination "Aradhya2000 won on time"]

1. d4 Nf6 2. c4 d6 3. Nf3 Bf5 4. Nc3 Ne4 5. Qc2 d5 6. Qa4+ c6 7.
cxd5 Nxc3 8. bxc3 Qxd5 9. Bf4 e6 10. e3 Be4 11. Nd2 Bg6 12. Qb3 Qxb3 13. axb3 Nd7 14. Be2 a6 15. O-O Rc8 16. Nc4 Be7 17. h4 h6 18. h5 Bh7 19. Na5 b5 20. b4 f6 21. Bf3 e5 22. dxe5 fxe5 23. Bg3 c5 24.
Bb7 Rc7 25. Bxa6 cxb4 26. cxb4 Bxb4 27. Bxb5 O-O 28. Bxd7 Rxd7 29. Nc6 Bd6 30. Rfd1 Bf5 31. Nxe5 Bxe5 32. Bxe5 Rxd1+ 33. Rxd1 Bg4 34. Rd5 Rc8 35. Bd4 Be6 36. Re5 Bf7 37. g4 Be8 38. Kg2 Bc6+ 39. Kg3 Ra8 40. Re7 Kf8 41. Rxg7 Be4 42. Kf4 Bb1 43. Rb7 Ra5 44. Rxb1 Kf7 45. Rb7+ Kg8 46. Rb8+ Kf7 47. Rb6 Ra4 48. Rxh6 Ke8 49. Rf6 Ra1 50. h6 Rg1 51. Kg5 Rh1 52. Kg6 Rg1 53. g5 1-0

[Event "*** Titled Tuesday Blitz"]
[Site "Chess.com"]
[Date "2021.04.06"]
[Round "8"]
[White "Borsuk_Konstantin"]
[Black "Grieve72"]
[Result "1-0"]
[WhiteElo "2686"]
[BlackElo "2509"]
[TimeControl "180+1"]
[EndTime "11:29:41 PDT"]
[Termination "Borsuk_Konstantin won by checkmate"]

1. d4 f5 2. c4 Nf6 3. g3 g6 4. Bg2 Bg7 5. Nf3 O-O 6. O-O d6 7. Qb3 c6 8. Nc3 Na6 9. Qa3 Qc7 10. b4 e5 11. b5 Nb8 12. bxc6 bxc6 13. dxe5 dxe5 14.
Rb1 Be6 15. Ng5 Bxc4 16. Qa4 Bf7 17. Ba3 Rc8 18. Rfc1 e4 19. e3 h6 20. Nxf7 Qxf7 21. Bf1 Nbd7 22. Ba6 Nb6 23. Qa5 Rd8 24. Ne2 Ng4 25.
Rxc6 Ne5 26. Rc2 Kh7 27. Nd4 Rab8 28. Rbc1 Nd5 29. Bc4 Nd3 30. Nc6 Nxc1 31. Rxc1 Rbc8 32. Nxd8 Qd7 33. Qxd5 Qxd5 34. Bxd5 Rxd8 35. Bc4 Rc8 36. Kf1 Bf6 37. Ke2 Kg7 38. Bb3 Rd8 39. Rc7+ Kh8 40. Rxa7 Bc3 41. Rc7 Rd2+ 42. Kf1 Ba5 43. Kg2 h5 44. Rc8+ Kh7 45. Bc5 Re2 46. Bd4 g5 47. Bf7 g4 48. Rh8# 1-0

[Event "*** Titled Tuesday Blitz"]
[Site "Chess.com"]
[Date "2021.04.06"]
[Round "8"]
[White "BigAl"]
[Black "Ranindu2003"]
[Result "1-0"]
[WhiteElo "2500"]
[BlackElo "2578"]
[TimeControl "180+1"]
[EndTime "11:29:41 PDT"]
[Termination "BigAl won by resignation"]

1. Nf3 Nf6 2. g3 e6 3. Bg2 d5 4.
O-O Be7 5. d3 O-O 6. Nbd2 a5 7.
a4 c5 8. e4 Nc6 9. Re1 Re8 10.
e5 Nd7 11. Nf1 f6 12. exf6 Bxf6 13. h4 e5 14. Ng5 Nb6 15. Qh5 h6 16. c3 Bf5 17. Be3 hxg5 18. hxg5 g6 19. Qh4 Be7 20. Rad1 Bf8 21. g4 Be6 22. f4 exf4 23. Bxf4 Qd7 24.
Ne3 Bd6 25. Bxd6 Qxd6 26. Qh6 Bf7 27. Nf5 Qf8 28. Qh2 gxf5 29. gxf5 Qg7 30. g6 Bxg6 31.
fxg6 Qxg6 32. Qc7 Rxe1+ 33. Rxe1 Nd8 34. Qxc5 Nf7 35. Re3 Rc8 36. Qe7 Rf8 37. Qh4 Kg7 38. Rg3 Rh8 39. Rxg6+ Kxg6 40. Qg3+ Ng5 41. Qd6+ Kf5 42.
Qxb6 Kg4 43. Qd4+ Kg3 44. Qe5+ Kg4 45. Qxh8 1-0

[Event "*** Titled Tuesday Blitz"]
[Site "Chess.com"]
[Date "2021.04.06"]
[Round "8"]
[White "elohunter1999"]
[Black "K_A_S_T_O_R"]
[Result "1/2-1/2"]
[WhiteElo "2539"]
[BlackElo "2773"]
[TimeControl "180+1"]
[EndTime "11:29:42 PDT"]
[Termination "Game drawn - insufficient material"]

1. d4 Nf6 2. c4 e6 3. Nf3 c5 4. d5 d6 5. Nc3 exd5 6. cxd5 g6 7.
Bf4 Bg7 8. Qa4+ Bd7 9. Qb3 Qc7 10.
e4 O-O 11. Nd2 Nh5 12. Be3 f5 13. exf5 Bxf5 14. Be2 Nf6 15. h3 Na6 16. a3 Rab8 17. O-O Qd8 18. Nb5 Nc7 19. Nxa7 Ncxd5 20. Bc4 Be6 21. Bg5 Bf7 22. Bxd5 Bxd5 23. Bxf6 Bxb3 24. Bxd8 Ba4 25. Be7 Rfe8 26. Bxd6 Rbd8 27. Nc4 b5 28.
Nc6 bxc4 29. Nxd8 Rxd8 30. Bxc5 Bxb2 31. Rac1 c3 32. Be3 Bxc1 33. Rxc1 c2 34. Kh2 Rd1 35. Kg3 Kf7 36. Kf4 Ke6 37. h4 Kd5 38. Kg5 Kc4 39.
Kh6 Kb3 40. Kxh7 Kb2 41. Rxc2+ Bxc2 42. g4 Kxa3 43. Bg5 Rg1 44. f3 Kb3 45. Kg7 Kc4 46.
h5 gxh5 47. Be3 hxg4 48. Bxg1 gxf3 49. Kf6 Kd3 50. Kg5 Ke2 51. Ba7 f2 52. Bxf2 1/2-1/2

[Event "*** Titled Tuesday Blitz"]
[Site "Chess.com"]
[Date "2021.04.06"]
[Round "8"]
[White "WiktoriaPOL"]
[Black "Andrakhanova"]
[Result "0-1"]
[WhiteElo "2048"]
[BlackElo "2252"]
[TimeControl "180+1"]
[EndTime "11:29:42 PDT"]
[Termination "Andrakhanova won on time"]

1. e4 c5 2. d4 cxd4 3. c3 d3 4. Bxd3 Nf6 5. Nf3 d5 6. exd5 Nxd5 7. O-O Nc6 8. Be4 e6 9. Bxd5 exd5 10. Re1+ Be7 11. Bg5 f6 12. Bh4 O-O 13. Nbd2 Bf5 14. Nb3 Re8 15. Nbd4 Be4 16. Bg3 Bd6 17. Bxd6 Qxd6 18.
Nxc6 bxc6 19. c4 Bxf3 20. Qxf3 dxc4 21. Rad1 Rxe1+ 22. Rxe1 Rd8 23. Qc3 Qd2 24. Qxc4+ Kh8 25. Qe4 h6 26. b3 Qxa2 27. Qxc6 Qxb3 28. h3 Qd3 29. Qc7 Rd7 30. Qb8+ Kh7 31. Qe8 a5 32. Ra1 a4 33. Qa8 Rd4 34. Kh2 Qc4 35. Qa5 Rf4 36. f3 Qd4 37. Kg3 Kg6 38. Ra2 Rf5 39. Qa6 Qe5+ 40.
Kf2 Qc5+ 41. Kf1 Qc1+ 42. Kf2 Rf4 43. Qb6 Qc4 0-1

[Event "*** Titled Tuesday Blitz"]
[Site "Chess.com"]
[Date "2021.04.06"]
[Round "8"]
[White "ega2006"]
[Black "hypert"]
[Result "0-1"]
[WhiteElo "2411"]
[BlackElo "2571"]
[TimeControl "180+1"]
[EndTime "11:29:43 PDT"]
[Termination "hypert won on time"]

1. e4 c5 2. Nf3 Nc6 3. Bb5 e6 4. O-O Nge7 5. Re1 Nd4 6. Bf1 Nec6 7. c3 Nxf3+ 8. Qxf3 Be7 9. d3 O-O 10. Nd2 d5 11. g3 b5 12. a4 b4 13. exd5 exd5 14.
Bg2 Be6 15. Nf1 bxc3 16. bxc3 Bf6 17. Bd2 Na5 18. Rab1 Rb8 19. Rxb8 Qxb8 20. c4 Nb3 21. cxd5 Nd4 22. Qf4 Bd7 23. Qxb8 Rxb8 24. Ne3 Rb2 25.
Nc4 Ra2 26. a5 h5 27. d6 Nb3 28. Be3 Nxa5 29. Bxc5 Nb3 30. Be3 Ra6 31. Bd5 Nd4 32.
Rb1 Bh3 33. Bg2 Bf5 34. Be4 Bxe4 35. dxe4 Rc6 36. e5 Nf3+ 37. Kg2 Nxe5 38. Nxe5 Bxe5 39.
d7 Bc7 40. Rb8+ Kh7 41. Rc8 Rd6 42. Rxc7 a5 43. Ra7 a4 44. Bb6 a3 45. d8=Q Rxb6 46. Qd7 a2 47. Qxf7 Rg6 0-1

[Event "*** Titled Tuesday Blitz"]
[Site "Chess.com"]
[Date "2021.04.06"]
[Round "8"]
[White "CM_rui"]
[Black "Chessdude1987"]
[Result "0-1"]
[WhiteElo "2418"]
[BlackElo "2325"]
[TimeControl "180+1"]
[EndTime "11:29:45 PDT"]
[Termination "Chessdude1987 won on time"]

1. e4 e6 2. d4 d5 3. Nc3 Nf6 4. e5 Nfd7 5. f4 c5 6. Nf3 Nc6 7. Ne2 f6 8. c3 a5 9. g3 cxd4 10. cxd4 Qb6 11. Bg2 fxe5 12. fxe5 Be7 13. Nf4 O-O 14.
Nxe6 Rxf3 15. Bxf3 Ndxe5 16. Bxd5 Bb4+ 17. Bd2 Nd3+ 18.
Ke2 Bxe6 19. Bxe6+ Kh8 20. Kxd3 Nxd4 21. Bxb4 Qxe6 22. Bc5 Qf5+ 23. Kxd4 Rd8+ 24. Kc4 Qe4+ 25. Kc3 Rc8 26. Qd4 Qf3+ 27. Kd2 Qg2+ 28. Qf2 Qd5+ 29.
Bd4 Rd8 30. Kc3 Qc6+ 31. Kd3 Qb5+ 32. Kd2 Qc6 33. Rac1 Qb5 34. Kc3 Qd5 35. Kd2 Qb5 36. Kc3 Qd5 37. Qf4 Qb5 38. Kd2 Qxb2+ 39. Rc2 Qb4+ 40.
Ke3 Qe7+ 41. Kf3 Rf8 42. Qxf8+ Qxf8+ 43. Kg2 Qd8 44. Rf1 h6 0-1

[Event "*** Titled Tuesday Blitz"]
[Site "Chess.com"]
[Date "2021.04.06"]
[Round "8"]
[White "Lion-Al-Messi"]
[Black "GMRafpig"]
[Result "0-1"]
[WhiteElo "2494"]
[BlackElo "2610"]
[TimeControl "180+1"]
[EndTime "11:29:46 PDT"]
[Termination "GMRafpig won by resignation"]

1. d4 Nf6 2. Nf3 e6 3. Nc3 d5 4. Bg5 Nbd7 5. e4 h6 6. Bxf6 Nxf6 7. e5 Nd7 8. Bd3 c5 9. Nb5 a6 10. Nd6+ Bxd6 11. exd6 c4 12. Be2 Nf6 13. O-O Qxd6 14. Ne5 O-O 15. f4 Ne4 16. Bf3 b5 17. Bxe4 dxe4 18.
c3 Bb7 19. Qd2 Kh7 20. Rae1 f6 21. Ng4 Rad8 22. f5 e5 23. Rd1 exd4 24. cxd4 Rfe8 25. Ne3 Rd7 26. g3 Red8 27. Rf4 Qxd4 28. Qe2 Qc5 29.
Re1 Rd3 30. Rh4 Bc6 31. Qf2 Rd2 32. Qf4 Rd1 33. Rxd1 Rxd1+ 34. Kg2 Rd3 35. Ng4 e3+ 36. Kh3 Qf8 37. Qc7 Bd7 38. Nxe3 Rxe3 39. Qxd7 Qe7 40. Qd4 Re2 41. Qg4 Qb7 42. Qg6+ Kg8 43. Rd4 Qg2+ 44.
Kh4 Qxh2+ 45. Kg4 h5+ 46. Qxh5 Qxh5+ 47. Kxh5 Kh7 48. Rh4 Rxb2 49. Kg4+ Kg8 0-1

[Event "*** Titled Tuesday Blitz"]
[Site "Chess.com"]
[Date "2021.04.06"]
[Round "8"]
[White "Konek-Gorbunok"]
[Black "muchojogo"]
[Result "1/2-1/2"]
[WhiteElo "2338"]
[BlackElo "2446"]
[TimeControl "180+1"]
[EndTime "11:29:46 PDT"]
[Termination "Game drawn - insufficient material"]

1. d4 Nf6 2. Nf3 g6 3. c4 Bg7 4. Nc3 O-O 5. e4 d6 6. Be2 e5 7. dxe5 dxe5 8. Qxd8 Rxd8 9. Bg5 Re8 10. Nd5 Nxd5 11.
cxd5 c6 12. Bc4 cxd5 13. Bxd5 Nd7 14. Nd2 Nc5 15. O-O-O Be6 16. Bxe6 Nxe6 17. Be3 Nf4 18. Bxf4 exf4 19. Kb1 Rad8 20. f3 f5 21. exf5 Re2 22. Nc4 Rxd1+ 23. Rxd1 Rxg2 24. Rd8+ Kf7 25. Rd7+ Kf8 26.
Rxb7 Rxh2 27. Nd6 Be5 28. Nf7 Bxb2 29. Ng5 Bd4 30. Nxh7+ Kg8 31. fxg6 Rf2 32. Ng5 Rg2 33. Ne6 Be5 34. g7 Bxg7 35. Nxg7 Rxg7 36. Rxg7+ Kxg7 37. Kc2 Kf6 38. Kd3 Ke5 39. Kc4 a6 40. a3 a5 41.
a4 Kd6 42. Kd4 Kc6 43. Ke4 Kc5 44. Kxf4 Kb4 45. Ke4 Kxa4 46. f4 Kb3 47. f5 a4 48.
f6 a3 49. f7 a2 50. f8=Q a1=Q 51. Qb8+ Kc2 52. Qh2+ Kb3 53. Qg3+ Kc4 54. Qc7+ Kb5 55. Qb7+ Kc4 56. Qc6+ Kb3 57. Qb5+ Kc2 58. Qd3+ Kc1 59. Qf1+ Kb2 60. Qxa1+ Kxa1 1/2-1/2

[Event "*** Titled Tuesday Blitz"]
[Site "Chess.com"]
[Date "2021.04.06"]
[Round "8"]
[White "Valeron87"]
[Black "zala02"]
[Result "0-1"]
[WhiteElo "2259"]
[BlackElo "2165"]
[TimeControl "180+1"]
[EndTime "11:29:46 PDT"]
[Termination "zala02 won on time"]

1. e4 e5 2. Nf3 Nc6 3. Nc3 Nf6 4.
g3 Bb4 5. Bg2 d6 6. d3 O-O 7.
O-O Bg4 8. h3 Be6 9. Ng5 Qd7 10.
Kh2 h6 11. Nxe6 fxe6 12. Ne2 Rf7 13. Be3 Ba5 14. d4 exd4 15. Nxd4 e5 16. Nf5 Bb6 17. Bxb6 axb6 18. Ne3 Kh7 19. a4 Nd4 20. c3 Ne6 21.
f4 Nc5 22. b4 Nxa4 23. Qc2 b5 24. Rad1 Qc6 25. Nd5 Kh8 26. fxe5 dxe5 27. Rf5 Raf8 28. Rdf1 Nb6 29. Qf2 Nbxd5 30. exd5 Qxc3 31. Qe2 Qxb4 32. Qxe5 Qe7 33. Qb2 b4 34. R5f4 Qd6 35. Qxb4 Qxb4 36. Rxb4 b6 37. d6 cxd6 38. Rxb6 d5 39. Rc1 Kh7 40. Rd6 Re7 41. Rc2 Re5 42. Rd2 Rfe8 43. g4 Ne4 44. R2xd5 Nxd6 45. Rxd6 Re2 46. Kg3 R8e3+ 47.
Bf3 Ra2 48. Kf4 Raa3 49. Be4+ Kg8 0-1

[Event "*** Titled Tuesday Blitz"]
[Site "Chess.com"]
[Date "2021.04.06"]
[Round "8"]
[White "chessbia"]
[Black "Rondo_Capriccioso"]
[Result "0-1"]
[WhiteElo "2335"]
[BlackElo "2485"]
[TimeControl "180+1"]
[EndTime "11:29:47 PDT"]
[Termination "Rondo_Capriccioso won on time"]

1. d4 Nf6 2. c4 g6 3. Nc3 Bg7 4. e4 d6 5. h3 c5 6. Nf3 O-O 7.
Be3 cxd4 8. Nxd4 Nc6 9. Be2 Bd7 10. O-O Rc8 11. Rc1 a6 12. a3 Ne5 13. b3 Qa5 14. a4 Rfd8 15. f4 Nc6 16. Bf3 Nxd4 17. Bxd4 Bc6 18.
Nd5 Nxd5 19. exd5 Bd7 20. Bxg7 Kxg7 21. Re1 Re8 22. Qd4+ Kg8 23. Kh2 Qb4 24. Rc3 b5 25. axb5 axb5 26. h4 bxc4 27. bxc4 h5 28. Be4 Qc5 29.
Qd3 Kg7 30. Re3 Rb8 31. Rg3 Rb2 32. Bxg6 Kf6 33. Bxf7 Bf5 34. Qe3 Kxf7 35. Qf3 Bg4 36.
Qe4 Rg8 37. Rce3 Qc7 38. Qh7+ Rg7 39. Qe4 Qd7 40. f5 Rf2 41. Qe6+ Qxe6 42. fxe6+ Kf6 43. c5 dxc5 44. Rc3 Ke5 45. Rxc5 Kd6 46. Ra5 Rg6 47.
Rc3 Bf3 0-1

[Event "*** Titled Tuesday Blitz"]
[Site "Chess.com"]
[Date "2021.04.06"]
[Round "8"]
[White "frenchpin"]
[Black "Forantes"]
[Result "1-0"]
[WhiteElo "2505"]
[BlackElo "2351"]
[TimeControl "180+1"]
[EndTime "11:29:47 PDT"]
[Termination "frenchpin won by checkmate"]

1. e4 c5 2. Nf3 Nc6 3. c3 d5 4. exd5 Qxd5 5. d4 Bg4 6. dxc5 Qxd1+ 7. Kxd1 e5 8. b4 O-O-O+ 9. Kc2 Bf5+ 10. Kb3 e4 11. Ng5 Ne5 12. Bf4 Nd3 13. Bxd3 exd3 14. Nd2 f6 15. Nge4 b6 16. Nd6+ Bxd6 17. cxd6 g5 18. Bg3 h5 19. h3 Nh6 20. c4 Nf7 21. c5 bxc5 22. bxc5 Kb7 23. Kc4 Ne5+ 24. Bxe5 fxe5 25.
Kd5 Rh6 26. Rab1+ Ka8 27. Kxe5 Bd7 28. Rhe1 Bc6 29. Kd4 Bxg2 30. Kxd3 g4 31. h4 Rf6 32. Re5 Rxf2 33. Rbe1 Bc6 34. Rxh5 g3 35. Rg5 g2 36. h5 a5 37. h6 Rh8 38. Re6 Bb5+ 39. Kc3 Bc6 40.
Reg6 Re2 41. Rg8+ Rxg8 42. Rxg8+ Ka7 43. h7 g1=Q 44. Rxg1 Rh2 45. Rg7+ Ka6 46. Nc4 a4 47. Ne5 Bb5 48. Ng6 a3 49. h8=Q Rg2 50. Qa8# 1-0

[Event "*** Titled Tuesday Blitz"]
[Site "Chess.com"]
[Date "2021.04.06"]
[Round "8"]
[White "beto-betun"]
[Black "SanchezKelvin"]
[Result "1-0"]
[WhiteElo "2234"]
[BlackElo "2491"]
[TimeControl "180+1"]
[EndTime "11:29:47 PDT"]
[Termination "beto-betun won on time"]

1. d4 d5 2. Nf3 Nf6 3. g3 c6 4. Bg2 Nbd7 5. O-O e6 6. c4 dxc4 7. Qc2 b5 8. a4 Bb7 9. Rd1 a6 10. Ne5 Qc8 11. axb5 cxb5 12. Nc3 Be7 13. Nxd7 Nxd7 14.
e4 O-O 15. Bf4 Re8 16. h4 Bb4 17. h5 Bxc3 18. bxc3 e5 19. Be3 Nf6 20. d5 Nxh5 21. Bf3 Nf6 22. Kg2 Qc7 23. Rh1 a5 24.
Rab1 Ba6 25. Bg5 Nd7 26. Qd2 Qd6 27. Rh4 Nf8 28. Rbh1 b4 29. Bg4 bxc3 30. Qxc3 Qb4 31. Qf3 c3 32. Bf5 g6 33. Bf6 c2 34. Qe3 c1=Q 35. Rxc1 Nd7 36. Bh8 Kxh8 37. Rxh7+ Kxh7 38. Rh1+ Kg7 39. Qh6+ Kf6 40. Qh4+ g5 41. Qh6+ Ke7 42. Qxg5+ Kd6 43. Rh6+ Kc5 44. Bxd7 Rg8 45. Qxe5 Bb5 46. Qe7+ Kc4 47. Qxf7 1-0

[Event "*** Titled Tuesday Blitz"]
[Site "Chess.com"]
[Date "2021.04.06"]
[Round "8"]
[White "hansen"]
[Black "scarabee43"]
[Result "0-1"]
[WhiteElo "2816"]
[BlackElo "2638"]
[TimeControl "180+1"]
[EndTime "11:29:48 PDT"]
[Termination "scarabee43 won by resignation"]

1. e4 c5 2. Nf3 e6 3. d4 cxd4 4. Nxd4 Nc6 5. Nc3 Qc7 6. Be3 a6 7. Qd2 Nf6 8. O-O-O Bb4 9. f3 b5 10. a3 Ba5 11. Nb3 Bb6 12. Bxb5 Bxe3 13. Qxe3 axb5 14.
Nxb5 Qb8 15. Nd6+ Kf8 16. Rd2 Ra7 17. Rhd1 Ne8 18. Nc5 Nxd6 19. Rxd6 Ne5 20. Qf4 Nc4 21. Nxe6+ Kg8 22. b3 Nxd6 23. Nxg7 Kxg7 24. Rxd6 Ra6 25. Qf6+ Kg8 26. Qd8+ Kg7 27. Qg5+ Kf8 28. Qd8+ Kg7 29. Qg5+ Kf8 30. Qe5 Qxd6 31. Qxh8+ Ke7 32. Qc3 Bb7 33. a4 Rc6 34. Qe3 Qc5 35. Qd2 Rd6 36. Qe1 Ba6 37.
Kb2 Rc6 38. c3 Rg6 39. g4 h5 40. h3 hxg4 41. hxg4 Rh6 42. Qd2 Qd6 43. Qg5+ Kf8 44.
Qd8+ Kg7 45. Qg5+ Rg6 46. Qe3 Qd3 47. Qc5 Qd2+ 48. Ka3 Qd6 49. Qxd6 Rxd6 50. b4 Kf6 51. b5 Bc8 52. Kb4 Ke7 53. a5 Kd8 54. c4 Kc7 55. f4 Rd4 56. g5 Rxe4 57. f5 Re5 58. a6 Rxf5 0-1